 Dungeon Crawl Stone Soup version 0.22.0-35-ge4bf2f5f59 (webtiles) character file.

15 Chiseanne the Gusty (level 2, 0/17 HPs)
             Began as a Halfling Air Elementalist on Aug 24, 2018.
             Slain by an adder (1 damage)
             ... on level 2 of the Dungeon.
             The game lasted 00:02:43 (1455 turns).

Chiseanne the Gusty (Halfling Air Elementalist)     Turns: 1455, Time: 00:02:44

Health: 0/17       AC:  2    Str:  9    XL:     2   Next: 65%
Magic:  1/4        EV: 15    Int: 13    God:
Gold:   37         SH:  0    Dex: 14    Spells: 3/4 levels left

rFire    . . .     SeeInvis .   j - -3 short sword (curse)
rCold    + . .     Gourm    .   (shield restricted)
rNeg     . . .     Faith    .   a - +0 robe
rPois    .         Spirit   .   (no helmet)
rElec    .         Reflect  .   (no cloak)
rCorr    .         Harm     .   (no gloves)
MR       .....                  (no boots)
Stlth    ++........             (no amulet)
HPRegen  0.05/turn              k - ring of protection from cold
MPRegen  0.09/turn              (no ring)

@: lethally poisoned (0 -> -11)
A: small, mutation resistance 1
a: no special abilities


You were on level 2 of the Dungeon.
You were not hungry.

You visited 1 branch of the dungeon, and saw 2 of its levels.

You collected 37 gold pieces.

Inventory:

Hand Weapons
 g - a +0 short sword
 j - a cursed -3 short sword (weapon)
Missiles
 d - 32 stones (quivered)
 f - 47 bolts
 i - 22 arrows
 p - 20 sling bullets
Armour
 a - a +0 robe (worn)
 h - a +0 shield
Jewellery
 k - a ring of protection from cold (left hand)
Scrolls
 b - a scroll of enchant armour {unknown}
 e - 2 scrolls of identify
 n - a scroll of amnesia
Potions
 l - a potion of heal wounds
 o - a potion of curing
Comestibles
 c - 3 rations


   Skills:
 - Level 2.1 Dodging
 - Level 2.1 Stealth
 * Level 1.9 Spellcasting
 * Level 1.2 Conjurations
 * Level 3.2 Air Magic


You had 3 spell levels left.
You knew the following spells:

 Your Spells              Type           Power        Failure   Level  Hunger
a - Shock                 Conj/Air       #...         11%         1    ##.....

Your spell library contained the following spells:

 Spells                   Type           Power        Failure   Level  Hunger
 Swiftness                Chrm/Air       #.......     21%         2    ###....
 Static Discharge         Conj/Air       #.......     30%         3    ####...
 Airstrike                Air            #.........   56%         4    #####..
 Lightning Bolt           Conj/Air       #.........   96%         5    ######.


Dungeon Overview and Level Annotations

Branches:
Dungeon (2/15)

Altars:


Innate Abilities, Weirdness & Mutations

You are small and have problems with some larger weapons.
You are somewhat resistant to further mutation.


Message History

The adder poisons you!
You hit the adder but do no damage.
The adder is almost dead.
You feel sick. The adder bites you.
You are more poisoned.
The adder poisons you! The adder closely misses you.
You miss the adder.
The adder is almost dead.
You feel sick. The adder closely misses you.
You miss the adder.
The adder is almost dead.
* * * LOW HITPOINT WARNING * * *
You feel sick. The adder bites you.
* * * LOW HITPOINT WARNING * * *
The adder closely misses you.
You closely miss the adder.
The adder is almost dead.
* * * LOW HITPOINT WARNING * * *
You feel sick. The adder bites you.
You die...

########.#
*,*****,*******, #.#
*,,,,,,,,,,,,**, #.#
*******,****,#*, #.#
*,****S##, ########.#
*,,,,...,, ...#.....#
***,..,,,, ##.#.#####
######.##.#** #.#.#
########.....)...# #.#.#
#..@S.........#### ##.#.#
#.######.###### ...#†# #.#
#.# #..#.# #.# ##.##
#..#.# #.# ##...## .....#
#.# ##.....##
.....#########.###>......#
..÷......................#
...............###.......#


You could see an adder.

Vanquished Creatures
  2 bats (D:2)
  2 giant cockroaches (D:1)
  2 hobgoblins
  A quokka (D:2)
  A frilled lizard (D:1)
  4 kobolds
  3 rats
15 creatures vanquished.

Notes
Turn   | Place    | Note
-------+----------+-------------------------------------------
     0 | D:1      | Chiseanne the Halfling Air Elementalist began the quest for the Orb.
     0 | D:1      | Reached XP level 1. HP: 11/11 MP: 3/3
   520 | D:1      | Reached skill level 1 in Conjurations
   601 | D:1      | Reached XP level 2. HP: 12/17 MP: 4/4
  1455 | D:2      | Slain by an adder

Skill      XL: |  1 |
---------------+----+-----
Conjurations   | 1 |  1.2
Dodging        | |  2.1
Stealth        | |  2.1
Spellcasting   | |  1.9
Air Magic      | |  3.2

Action                   || total
-------------------------++-------
Melee: Short sword       ||    34
       Dagger            ||     9
 Cast: Shock             ||    18
  Use: Scroll            ||     8
 Stab: Sleeping          ||     3
  Eat: Chunk             ||     2
Armor: Robe              ||     5
Dodge: Dodged            ||    32
